 Dungeon Crawl Stone Soup version 0.23-a0-151-gf6d1ed2717 (webtiles) character file.

219 PikkenKukken the Cudgeler (level 5, -6/49 HPs)
             Began as a Gargoyle Berserker on Sept 8, 2018.
             Was a Believer of Trog.
             Mangled by a gnoll
             ... wielding a +0 spear
              (9 damage)
             ... on level 4 of the Dungeon.
             The game lasted 00:04:45 (3632 turns).

PikkenKukken the Cudgeler (Gargoyle Berserker)      Turns: 3632, Time: 00:04:45

Health: -6/49      AC:  6    Str: 26    XL:     5   Next: 96%
Magic:  5/5        EV: 12    Int:  8    God:    Trog [**....]
Gold:   128        SH:  0    Dex:  9    Spells: 4/4 levels left

rFire    + . .     SeeInvis .   a - +1 mace
rCold    x . .     Gourm    .   (no shield)
rNeg     + . .     Faith    .   b - +0 animal skin
rPois    ∞         Spirit   .   (no helmet)
rElec    +         Reflect  .   (no cloak)
rCorr    .         Harm     .   (no gloves)
MR       .....                  (no boots)
Stlth    ..........             e - amulet of magic regeneration
HPRegen  0.16/turn              n - ring of fire
MPRegen  0.34/turn              (no ring)

@: berserking, very quick
A: negative energy resistance 1, electricity resistance, unbreathing,
petrification resistance, rot immunity, AC +4
a: Berserk, Trog's Hand, Renounce Religion


You were on level 4 of the Dungeon.
You worshipped Trog.
Trog was pleased with you.
You were not hungry.

You visited 1 branch of the dungeon, and saw 4 of its levels.

You collected 128 gold pieces.

Inventory:

Hand Weapons
 a - a +1 mace (weapon)
Armour
 b - a +0 animal skin (worn)
Jewellery
 e - an amulet of magic regeneration (around neck)
 n - a ring of fire (left hand)
Wands
 o - a wand of polymorph (11)
Scrolls
 d - 2 scrolls of magic mapping
 j - a scroll of remove curse
 m - 4 scrolls of teleportation
 r - a scroll of identify
 s - a scroll of fear
Potions
 f - 2 potions of brilliance {unknown}
 g - a potion of degeneration {unknown}
 h - 5 potions of curing
 i - a potion of magic {unknown}
 l - a potion of mutation {unknown}
 p - 2 potions of heal wounds {unknown}
 q - a potion of lignification {unknown}
Comestibles
 c - 7 rations


   Skills:
 + Level 4.3 Fighting
 * Level 4.6 Maces & Flails
 + Level 3.5 Armour
 + Level 2.5 Dodging


You had 4 spell levels left.
You didn't know any spells.
Your spell library was empty.

Dungeon Overview and Level Annotations

Branches:
Dungeon (4/15)
 Temple: D:4-7

Altars:
Ru
Zin

Annotations:
D:1 1 runed door


Innate Abilities, Weirdness & Mutations

You are resistant to torment.
Your stone body is resilient. (AC +4)
You are immune to poison.
You resist negative energy. (rN+)
You are resistant to electric shocks. (rElec)
You can survive without breathing.
You are immune to petrification.
You are immune to rotting.


Message History

You barely miss the gnoll.
The gnoll is heavily wounded.
The gnoll hits you from afar with a halberd!
* * * LOW HITPOINT WARNING * * *
The gnoll barely misses you. The gnoll hits you with a club.
* * * LOW HITPOINT WARNING * * *
You barely miss the gnoll.
The gnoll is heavily wounded.
The gnoll completely misses you. The gnoll barely misses you. x2
You hit the gnoll.
The gnoll is severely wounded.
The gnoll barely misses you.
The gnoll hits you from afar with a spear.
* * * LOW HITPOINT WARNING * * *
You sock the gnoll!
You kill the gnoll!
Trog accepts your kill. The gnoll barely misses you. x2
The gnoll hits you from afar with a spear!
You die...

....).##..........######
..>...............#.....
.......#......##........
.#.#...##.....##........
...#######)...##....g...
...# #.........#...g....
...# #.........#gg......
...###.........#g#
.....#..........@#
.................)..#
.....#..............#
.....#...#..........#
.....#...###.##.......
.....##. ..........#..
.....# .... ......#...
###### ... .......# ..


You could see 3 gnolls.

Vanquished Creatures
  An ogre (D:4)
  A worker ant (D:4)
  3 adders
  A gnoll (D:4)
  2 worms
  2 dart slugs
  3 orcs (D:3)
  7 bats
  2 giant cockroaches
  4 goblins
  4 hobgoblins
  5 jackals
  3 kobolds (D:2)
  2 quokkas (D:3)
  4 frilled lizards
  19 rats
63 creatures vanquished.

Notes
Turn   | Place    | Note
-------+----------+-------------------------------------------
     0 | D:1      | PikkenKukken the Gargoyle Berserker began the quest for the
                  | Orb.
     0 | D:1      | Reached XP level 1. HP: 14/14 MP: 1/1
     1 | D:1      | Found a runed door.
    88 | D:1      | You fall through a shaft!
   103 | D:2      | Reached XP level 2. HP: 15/19 MP: 2/2
   153 | D:1      | You fall through a shaft!
   627 | D:1      | Reached XP level 3. HP: 6/23 MP: 3/3
  1797 | D:2      | Reached ** piety under Trog
  2323 | D:3      | Reached XP level 4. HP: 25/29 MP: 4/4
  2503 | D:3      | Found a sacrificial altar of Ru.
  2796 | D:3      | Found a glowing silver altar of Zin.
  3402 | D:4      | Noticed an ogre
  3409 | D:4      | Killed an ogre
  3409 | D:4      | Reached XP level 5. HP: 13/33 MP: 5/5
  3632 | D:4      | Mangled by a gnoll

Vault maps used:
D:1:      dpeg_arrival_caged_fury
D:2:      minmay_tetromino_s4
D:3:      overflow_temple_1_default, nicolae_ru_sacrificial_ziggurat,
          minmay_rat_hole
D:4:      old_standard_altar, first_ration, nemelex_diamond_rough_becter,
          uniq_pikel

Skill      XL: |  1  2  3  4 |
---------------+-------------+-----
Dodging        | 2 |  2.5
Armour         | 3 |  3.5
Maces & Flails | 4 |  4.6
Fighting       | 4 |  4.3

Action                   |  1- 3 |  4- 6 || total
-------------------------+-------+-------++-------
Melee: Mace              |    76 |    16 ||    92
       Whip              |    36 |   114 ||   150
Invok: Berserk           |     4 |     4 ||     8
  Use: Scroll            |     9 |     2 ||    11
 Stab: Sleeping          |     1 |       ||     1
  Eat: Chunk             |     5 |     4 ||     9
       Ration            |     1 |     1 ||     2
Armor: Animal skin       |    39 |    43 ||    82
Dodge: Dodged            |    80 |    83 ||   163

Table legend:
 A = Non-vault XP
 B = Vault XP
 C = Vault XP percentage of total XP
 D = Non-vault monster count
 E = Vault monster count
 F = Vault count percentage of total count
                 A         B        C        D         E       F
            +---------+---------+-------+---------+---------+-------
      Total |     288 |      25 |   8.0 |      43 |      20 |  31.7
            +---------+---------+-------+---------+---------+-------
        D:1 |      20 |       0 |   0.0 |      10 |       0 |   0.0
        D:2 |      49 |       5 |   9.3 |      17 |       1 |   5.6
        D:3 |      44 |      20 |  31.2 |      13 |      19 |  59.4
        D:4 |     175 |       0 |   0.0 |       3 |       0 |   0.0
            +---------+---------+-------+---------+---------+-------
